 Dungeon Crawl Stone Soup version 0.30.1-3-gfc49f6343a (webtiles) character file.

Game seed: 7194906662535937182

386 Zeor the Cudgeller (level 6, -8/39 HPs)
             Began as a Gargoyle Monk on July 31, 2023.
             Killed by divine providence
             ... invoked by an orc priest
              (12 damage)
             ... on level 4 of the Dungeon on Aug 1, 2023.
             The game lasted 00:08:31 (3387 turns).

Zeor the Cudgeller (Gargoyle Monk)                  Turns: 3387, Time: 00:08:32

Health: -8/39      AC: 13    Str: 17    XL:     6   Next: 78%
Magic:  6/6        EV:  8    Int: 10    God:
Gold:   75         SH:  0    Dex: 12    Spells: 5/5 levels left

rFire   + . .        a - +0 flail
rCold   + . .        d - orb {light}
rNeg    + . .        o - +0 chain mail
rPois   ∞            (no helmet)
rElec   +            (no cloak)
rCorr   +            (no gloves)
SInv    .            (no boots)
Will    .....        (no amulet) Stlth
                     (no ring)
HPRegen 0.26/turn    (no ring)
MPRegen 0.10/turn

%: no passive effects
@: resistant, glowing
A: sickness immunity, AC +4, negative energy resistance 1, electricity
resistance, torment resistance 1, petrification resistance
a: no special abilities


You were on level 4 of the Dungeon.
You visited 1 branch of the dungeon, and saw 4 of its levels.

You collected 117 gold pieces.
You spent 42 gold pieces at shops.

Inventory:

Hand Weapons
 a - a +0 flail (weapon)
 p - a +0 mace
Missiles
 g - 5 silver javelins
 j - 8 poisoned darts
 m - 5 javelins (quivered)
 n - 3 curare-tipped darts
Armour
 d - an orb of light (worn)
 o - a +0 chain mail (worn)
Jewellery
 e - a ring of magical power
Scrolls
 f - 2 scrolls of immolation
 k - a scroll of poison
 q - a scroll of magic mapping
Potions
 b - a potion of flight {unknown}
 h - a potion of attraction {unknown}
 i - a potion of invisibility {unknown}
 l - a potion of resistance


   Skills:
 + Level 4.4 Fighting
 + Level 5.9 Maces & Flails
 + Level 2.2 Armour
 + Level 3.0 Dodging
 + Level 0.4 Stealth


You had 5 spell levels left.
You didn't know any spells.
Your spell library contained the following spells:

 Spells                   Type           Power      Damage    Failure   Level
 Dispel Undead            Necr           0%         3d6       100%        4
 Death Channel            Necr           0%         N/A       100%        6
 Simulacrum               Ice/Necr       0%         N/A       100%        6
 Ozocubu's Refrigeration  Ice            0%         4d7       100%        7
 Polar Vortex             Ice            0%         N/A       100%        9
 Cigotuvi's Dreadful Rot  Necr/Pois/Air  Unusable   N/A       N/A         2

Dungeon Overview and Level Annotations

Branches:
Dungeon (4/15)
 Temple: D:4-7

Altars:

Shops:
D:2 :=*


Innate Abilities, Weirdness & Mutations

You are immune to sickness and miasma.
Your stone body is resilient. (AC +4)
You are immune to poison.
You resist negative energy. (rN+)
You are resistant to electric shocks. (rElec)
You are resistant to unholy torment.
You are immune to petrification.


Message History

The orc wizard is heavily wounded.
You sock the orc wizard!
You kill the orc wizard!
You hit the orc but do no damage. The orc hits you with a +0 dagger.
The orc priest mumbles some strange prayers to Beogh against you.
Beogh smites you!
* * * LOW HITPOINT WARNING * * *
You hear a shout! x2
You are confused.
You feel invigorated.
You hear a shout!
The orc barely misses you.
You bump into the rock wall.
The orc hits you but does no damage.
The orc priest looks braver for a moment.
You bump into the closed door.
The orc closely misses you.
You sock the orc!
You kill the orc!
The bullfrog zombie closely misses you.
You feel protected. The bullfrog zombie hits you.
Unknown command.
You bump into the rock wall.
You feel less invigorated.
You feel less confused.
The bullfrog zombie completely misses you.
The orc priest calls down the wrath of Beogh upon you.
Beogh smites you!
You hit the bullfrog zombie but do no damage.
The bullfrog zombie is heavily damaged.
The bullfrog zombie hits you but does no damage.
The orc priest invokes the aid of Beogh against you.
Beogh smites you!
* * * LOW HITPOINT WARNING * * *
The bullfrog zombie hits you but does no damage.
You thump the bullfrog zombie!
The bullfrog zombie is almost destroyed.
The bullfrog zombie hits you.
* * * LOW HITPOINT WARNING * * *
The orc priest mumbles some strange prayers to Beogh against you.
Beogh smites you!
You die... ▒∙∙∙∙∙∙∙∙∙ ■∙∙∙∙∙oo>o

▒∙∙∙∙∙∙?∙∙ ▒ ▒∙∙∙∙∙∙∙∙∙ ▒∙
▒∙P∙∙o∙∙∙∙ ▒∙∙ ▒∙∙∙∙∙∙∙∙∙
▒∙▒▒∙∙∙∙∙∙∙∙∙ ▒∙∙∙∙∙▒▒▒■▒▒
▒∙∙∙∙∙oZ9∙∙▒ ▒▒ ▒▒∙∙∙∙▒▒▒∙∙▒
∙∙▒▒▒▒▒▒▒▒▒▒∙∙▒∙∙∙∙▒
▒∙∙∙∙∙∙∙∙(∙▒∙∙∙∙∙∙∙▒
▒∙∙∙∙∙∙∙∙∙∙▒∙∙∙∙∙∙∙▒▒▒▒▒▒▒▒▒▒▒▒▒▒
▒∙∙∙∙∙∙∙∙∙∙▒∙>∙∙∙∙†∙∙∙∙∙∙∙∙)∙∙∙∙▒
▒∙∙∙∙∙∙∙∙∙∙▒∙∙∙∙∙∙▒▒▒▒▒∙▒<▒▒▒▒▒∙▒
▒∙∙∙∙∙∙∙∙∙∙▒∙∙∙∙∙∙▒ ▒∙▒∙▒
▒▒▒▒∙∙∙∙∙∙∙▒∙∙∙∙∙∙▒ ▒∙▒∙▒


You could see an orc priest and a bullfrog zombie.

Vanquished Creatures
  2 ogres
  An iguana (D:4)
  2 orc wizards
  A hound zombie (D:4)
  3 adders
  An adder skeleton (D:4)
  An adder zombie (D:4)
  A worm (D:2)
  A dart slug (D:2)
  7 orcs
  2 ball pythons
  3 bats
  8 endoplasms
  5 giant cockroaches
  15 hobgoblins
  4 jackals (D:1)
  6 kobolds
  4 quokkas
  2 frilled lizards
  6 goblins
  5 rats
80 creatures vanquished.

Notes
Turn   | Place    | Note
-------+----------+-------------------------------------------
     0 | D:1      | Zeor the Gargoyle Monk began the quest for the Orb.
     0 | D:1      | Reached XP level 1. HP: 14/14 MP: 1/1
    55 | D:1      | Reached XP level 2. HP: 15/19 MP: 2/2
   519 | D:1      | Reached XP level 3. HP: 24/24 MP: 3/3
  1012 | D:2      | Found Neisou's Jewellery Emporium.
  1237 | D:2      | Found Ajamoq's Assorted Antiques.
  1242 | D:2      | Bought a scroll of identify for 42 gold pieces
  1340 | D:2      | Reached skill level 4 in Maces & Flails
  1472 | D:2      | Reached XP level 4. HP: 28/29 MP: 4/4
  1721 | D:2      | Found Goiloaru's Book Boutique.
  2284 | D:3      | Found a faded altar of an unknown god.
  2298 | D:3      | Noticed an ogre
  2425 | D:4      | Noticed an ogre
  2430 | D:4      | Killed an ogre
  2431 | D:4      | Reached skill level 1 in Armour
  2431 | D:4      | Reached XP level 5. HP: 33/33 MP: 5/5
  2446 | D:3      | Killed an ogre
  2447 | D:3      | Reached skill level 5 in Maces & Flails
  2447 | D:3      | Reached XP level 6. HP: 30/38 MP: 6/6
  3387 | D:4      | Killed from afar by an orc priest

Illustrated notes

Levels and vault maps discovered:
D:1:      lemuel_arrival_behind_the_door_large, layout_basic,
          wad_floor_pattern_1
D:2:      layout_basic, serial_shops, nicolae_diamond_shop,
          nicolae_shop_peninsula, shop
D:3:      layout_basic, nicolae_ecumenical_pavilion
D:4:      minmay_general_purpose_star, layout_basic, mainiacjoe_overflow_swirl,
          serial_undead, serial_undead_c, serial_undead_e, serial_undead_b,
          serial_undead_e, serial_undead_d, serial_undead_f, chequers_garden,
          roderic_batcave

Skill      XL: |  1  2  3  4  5 |
---------------+----------------+-----
Maces & Flails | 4 5 |  5.9
Fighting       | 4 |  4.4
Armour         | 1 2 |  2.2
Dodging        | 3 |  3.0
Stealth        | |  0.4

Action                     |  1- 3 |  4- 6 || total
---------------------------+-------+-------++-------
  Melee: Mace              |   102 |    81 ||   183
         Flail             |       |    60 ||    60
    Use: Scroll            |     4 |     3 ||     7
         Potion            |       |     5 ||     5
 Armour: Robe              |    27 |       ||    27
         Leather armour    |     1 |       ||     1
         Ring mail         |       |    31 ||    31
         Chain mail        |       |    27 ||    27
  Dodge: Dodged            |    59 |    70 ||   129
